 Dungeon Crawl Stone Soup version 0.14-a0-30-gf0b6e91 (webtiles) character file.

151 Malachi the Sneak (level 4, -5/36 HPs)
             Began as a Naga Enchanter on Sept 26, 2013.
             Slain by a gnoll
             ... wielding a +0,+0 halberd
              (14 damage)
             ... on Level 2 of the Dungeon.
             The game lasted 00:03:40 (2770 turns).

Malachi the Sneak (Naga Enchanter)                  Turns: 2770, Time: 00:03:40

HP  -5/36        AC  3     Str 10      XL: 4   Next: 38%
MP   7/7         EV 10     Int 16      God:
Gold 72          SH  0     Dex 12      Spells:  2 memorised,  2 levels left

Res.Fire  : . . .   See Invis. : +   h - +1,+0 dagger (holy)
Res.Cold  : . . .   Warding    : .   b - +1 robe
Life Prot.: . . .   Conserve   : .   (no shield)
Res.Poison: +       Res.Corr.  : .   (no helmet)
Res.Elec. : .       Clarity    : .   (no cloak)
Sust.Abil.: . .     Spirit.Shd : .   (no gloves)
Res.Mut.  : .       Stasis     : .   (no barding)
Res.Rott. : .       Flight     : .   (no amulet)
Saprovore : . . .                    (no ring)
                                     (no ring)

@: short of breath, very slow, slightly resistant to hostile enchantments,
stealthy
A: spit poison, see invisible, deformed body, poison resistance, slowness 2, AC
+1
a: Spit Poison


You were on level 2 of the Dungeon.
You were near starving.

You visited 1 branch of the dungeon, and saw 2 of its levels.

You collected 52 gold pieces.

Inventory:

Hand weapons
 a - a +1,+1 dagger
 e - a +2,+0 dagger
 h - a +1,+0 dagger of holy wrath (weapon)
Missiles
 d - 12 darts (quivered)
Armour
 b - a +1 robe (worn)
Comestibles
 f - a bread ration
 k - a snozzcumber
 m - a pear
Scrolls
 g - 3 scrolls of remove curse {unknown}
 i - a scroll of blinking {unknown}
 j - a scroll of random uselessness {unknown}
 l - a scroll of fear {unknown}
 n - a scroll of identify {unknown}
 q - 2 scrolls of teleportation {unknown}
Potions
 o - a potion of resistance {unknown}
 p - a potion of slowing {unknown}
Books
 c - a book of Maledictions

   Spells                             Type                      Level
   *Corona                            Hexes                        1
   Sure Blade                         Hexes/Charms                 2
   *Ensorcelled Hibernation           Hexes/Ice                    2
   Confuse                            Hexes                        3
   Enslavement                        Hexes                        4
   Invisibility                       Hexes                        6


   Skills:
 + Level 1.2 Short Blades
 + Level 0.8 Throwing
 + Level 2.1 Dodging
 * Level 4.1 Stealth
 + Level 1.0 Spellcasting
 * Level 4.0 Hexes
 + Level 0.4 Ice Magic


You had 2 spell levels left.
You knew the following spells:

 Your Spells              Type           Power        Failure   Level  Hunger
a - Corona                Hex            ##.....      6%          1    ##.....
b - Ensorcelled Hibernat  Hex/Ice        #.....       14%         2    ###....


Dungeon Overview and Level Annotations

Branches:
Dungeon (2/27)

Altars:


Innate Abilities, Weirdness & Mutations

You cannot wear boots.
You can spit poison.
Your serpentine skin is tough (AC +1).
You have supernaturally acute eyesight.
Armour fits poorly on your strangely shaped body.
Your system is resistant to poisons.
You cover ground very slowly.


Message History

You have got your breath back.
Use which ability? (? or * to list)
Press: ? - help, Shift-Dir - straight line, f/p - gnoll
Aim: a gnoll, wielding a halberd (severely wounded)
The splash of poison hits the gnoll.
The gnoll is poisoned.
You kill the gnoll!
You are near starving!
The gnoll unwields an uncursed flail.
The gnoll drops an uncursed flail.
The gnoll picks up a halberd.
The gnoll wields a halberd.
You have got your breath back.
The gnoll barely misses you.
Use which ability? (? or * to list)
Press: ? - help, Shift-Dir - straight line, f - gnoll
Aim: a gnoll, wielding a halberd The splash of poison misses the gnoll.
You feel slightly more hungry.
The gnoll hits you from afar with a halberd!
* * * LOW HITPOINT WARNING * * *
You see here an orcish club.
The gnoll hits you from afar with a halberd!
You die...

###)# #..#..... #.#
#....##.# #.# #.##.##.#
#.# #.##.##.# #.#####
#.......#
#.#...############..###
#.....#.......####.#.##
###...#.##....%...###..
##g)@....##.####.#.##
####.#####.# #.##
#.#####.# #.# #.......#
#.# ######### #.# #.#
#.### #...# ###.#


You could see a gnoll.

Vanquished Creatures
  An adder (D:1)
  2 gnolls (D:2)
  2 worms (D:2)
  3 giant geckos
  5 giant cockroaches
  6 goblins
  9 hobgoblins
  2 bats (D:1)
  2 kobolds
  3 rats (D:1)
35 creatures vanquished.

Notes
Turn   | Place    | Note
--------------------------------------------------------------
     0 | D:1      | Malachi, the Naga Enchanter, began the quest for the Orb.
     0 | D:1      | Reached XP level 1. HP: 15/15 MP: 3/3
   686 | D:1      | Reached XP level 2. HP: 10/22 MP: 1/4
   690 | D:1      | Learned a level 2 spell: Ensorcelled Hibernation
  1195 | D:1      | Reached XP level 3. HP: 25/28 MP: 0/5
  1773 | D:2      | Reached skill level 4 in Hexes
  2458 | D:2      | Reached XP level 4. HP: 5/36 MP: 7/7
  2770 | D:2      | Slain by a gnoll

Action                   |  1- 3 |  4- 6 || total
-------------------------+-------+-------++-------
Melee: Dagger            |   139 |     9 ||   148
 Cast: Corona            |     3 |       ||     3
       Ensorcelled Hiber |    13 |       ||    13
 Abil: Spit Poison       |    12 |     3 ||    15
 Stab: Sleeping          |     7 |     1 ||     8
       Distracted        |     1 |       ||     1
